 Dungeon Crawl Stone Soup version 0.32-a0-350-g4f4d228785 (webtiles) character file.

Game seed: 3564790165722961430

38636 RoilingVortex the Thaumaturge (level 13, -6/98 HPs)
             Began as a Vampire Summoner on Feb 17, 2024.
             Was a High Priest of Kikubaaqudgha.
             Mangled by a black mamba (11 damage)
             ... on level 4 of the Lair of Beasts.
             The game lasted 00:33:52 (17871 turns).

RoilingVortex the Thaumaturge (Vampire Summoner)   Turns: 17871, Time: 00:33:53

Health: -6/98      AC:  7    Str:  7    XL:     13   Next: 64%
Magic:  23/28      EV: 16    Int: 21    God:    Kikubaaqudgha [*****.]
Gold:   992        SH:  0    Dex: 16    Spells: 10/35 levels left

rFire   . . .        r - +5 scythe "Finisher" {speed, execute}
rCold   . . .        (shield currently unavailable)
rNeg    . . .        I - +2 troll leather armour {Snorg}
rPois   .            H - +0 helmet
rElec   .            (no cloak)
rCorr   .            (no gloves)
SInv    +            q - +0 pair of boots
Will    +....        (no amulet)
Stlth   ++++         Z - ring of wizardry
HPRegen 1.36/turn    (no ring)
MPRegen 0.21/turn

%: wizardry (x1)
@: unable to call your familiar, healing quickly
A: alive, fangs 3, see invisible, vampiric 2
a: Exsanguinate, Renounce Religion, Unearth Wretches, Torment


You were on level 4 of the Lair of Beasts.
You worshipped Kikubaaqudgha.
Kikubaaqudgha was extremely pleased with you.
You visited 3 branches of the dungeon, and saw 16 of its levels.

You collected 992 gold pieces.


Innate Abilities, Weirdness & Mutations

Your natural rate of healing is accelerated.
You have razor-sharp teeth.
You have supernaturally acute eyesight. (SInv)
You are afflicted with vampirism and can become a bat while bloodless.


   Skills:
 + Level 8.3 Fighting
 - Level 10.0 Dodging
 - Level 10.0 Stealth
 + Level 11.5 Spellcasting
 - Level 11.0 Summonings
 + Level 6.0 Necromancy
 - Level 5.0 Translocations
 - Level 5.0 Air Magic
 - Level 6.0 Earth Magic


You had 10 spell levels left.
You knew the following spells:

 Your Spells              Type           Power      Damage    Failure   Level
b - Blink                 Tloc           66%        N/A       1%          2
c - Call Canine Familiar  Summ           55%        N/A       1%          3
d - Death Channel         Necr           18%        N/A       38%         6
l - Summon Lightning Spi  Summ/Air       45%        N/A       1%          4
s - Summon Small Mammal   Summ           100%       N/A       1%          1
v - Borgnjor's Vile Clut  Necr/Erth      18%        N/A       9%          5
X - Anguish               Hex/Necr       12%        N/A       10%         4

Your spell library contained the following spells:

 Spells                   Type           Power      Damage    Failure   Level
 Necrotise                Necr           100%       1d9       1%          1
 Call Imp                 Summ           100%       N/A       1%          2
 Cigotuvi's Dreadful Rot  Necr/Alch/Air  54%        N/A       1%          2
 Lesser Beckoning         Tloc           66%        N/A       1%          2
 Momentum Strike          Conj/Tloc      44%        3d9       1%          2
 Fugue of the Fallen      Necr           37%        N/A       1%          3
 Vampiric Draining        Necr           37%        2d8       1%          3
 Dispel Undead            Necr           37%        3d15      2%          4
 Magic Dart               Conj           48%        1d5       3%          1
 Summon Blazeheart Golem  Fire/Summ      35%        N/A       3%          4
 Manifold Assault         Tloc           33%        N/A       4%          4
 Ensorcelled Hibernation  Hex/Ice        24%        N/A       5%          2
 Mephitic Cloud           Conj/Alch/Air  19%        N/A       5%          3
 Curse of Agony           Necr           37%        N/A       9%          5
 Dazzling Flash           Conj/Hex       24%        N/A       11%         3
 Ozocubu's Armour         Ice            12%        N/A       11%         3
 Silence                  Hex/Air        11%        N/A       32%         5

Inventory:

Hand Weapons
 g - a +2 dagger of venom
   (You took it off a goblin on level 1 of the Dungeon)
 r - the +5 scythe "Finisher" (weapon) {speed, execute}
   (You found it on level 4 of the Lair of Beasts)
 y - a +1 trident of venom
   (You took it off a gnoll sergeant on level 7 of the Dungeon)
 L - the +1 dagger of World's End {drain, Int+4}
   (You found it on level 11 of the Dungeon)

   Int+4:     It affects your intelligence (+4).
Missiles
 J - a curare-tipped dart {=f}
Armour
 q - a +0 pair of boots (worn)
   (You found it on level 4 of the Dungeon)
 F - +0 steam dragon scales
   (You found it on level 8 of the Dungeon)
 G - a +0 buckler
   (You found it on level 8 of the Dungeon)
 H - a +0 helmet (worn)
   (You found it on level 8 of the Dungeon)
 I - a +2 troll leather armour (worn) {Snorg}
   (You found it on level 10 of the Dungeon)
 M - +0 swamp dragon scales
   (You took it off Maggie on level 2 of the Lair of Beasts)
 N - an orb of light
   (You found it on level 11 of the Dungeon)
 P - the +0 robe of the Sixty-Six Stars {rElec Dex+2}
   (You found it on level 3 of the Lair of Beasts)

   Dex+2:     It affects your dexterity (+2).
   rElec:     It insulates you from electricity.
Magical Staves
 t - a staff of earth {!a}
   (You found it on level 4 of the Dungeon)
Jewellery
 Z - a ring of wizardry (left hand)
   (You found it on level 1 of the Dungeon)
Wands
 k - a wand of digging (6)
   (You found it on level 2 of the Dungeon)
 n - a wand of paralysis (31)
   (You found it on level 3 of the Dungeon)
 o - a wand of light (5)
   (You took it off Ijyb on level 3 of the Dungeon)
 w - a wand of flame (17)
   (You found it on level 6 of the Dungeon)
 D - a wand of iceblast (15)
   (You found it on level 8 of the Dungeon)
Scrolls
 c - 5 scrolls of torment {!r}
 d - 3 scrolls of enchant armour
 e - 3 scrolls of silence {!r}
 f - 4 scrolls of immolation {!r!r}
 h - 3 scrolls of brand weapon
 i - a scroll of acquirement
 l - 6 scrolls of teleportation {@r4}
 m - 2 scrolls of blinking {!r}
 p - 2 scrolls of fog
 v - 3 scrolls of amnesia
 B - 4 scrolls of revelation
 C - 4 scrolls of enchant weapon
 E - a scroll of noise {!r}
 K - a scroll of vulnerability {!r!r}
 Q - a scroll of identify {@r1}
Potions
 a - 3 potions of might {unknown}
 b - 2 potions of magic
 j - 4 potions of curing {@q1}
 s - a potion of cancellation
 u - a potion of mutation {unknown}
 x - 2 potions of degeneration {unknown}
 z - a potion of enlightenment
 A - 3 potions of brilliance {unknown}
 R - a potion of resistance {unknown}

Dungeon Overview and Level Annotations

Branches:
Dungeon (11/15)            Temple (1/1) D:7            Lair (4/5) D:11
  Swamp (0/4) Lair:3       Spider (0/4) Lair:2        Slime (0/5) Lair:4
    Orc (0/2) D:9

Altars:
Ashenzari
Cheibriados
Dithmenos
Fedhas
Gozag
Hepliaklqana
Kikubaaqudgha
Makhleb
Nemelex Xobeh
Okawaru
Qazlal
Ru
Sif Muna
Trog
Uskayaw
Vehumet
Wu Jian
Xom
Yredelemnul

Shops:
D:1 (   D:5 (

Annotations:
D:4 2 runed translucent doors, Dirtsage's ghost, novice OpSh

### ###.## ######## # #
##..#.######..##.P#.#.##
#P......................
##............@S........
##.##..#....##I....#..#
#.######...##.....#
##.##.............##
#P.#................
#...#........#.....P..
#...........##....##...##...~
##..........##....#
..........
##..#.P###.##.....#
P...P.....


You could see a black mamba and a friendly lightning spire (summoned).


Message History

The bolt of electricity hits the komodo dragon!
Your inugami completely misses the komodo dragon.
Your lightning spire shoots out a bolt of lightning at the komodo dragon!
The bolt of electricity hits the komodo dragon!
You reach to attack!
You closely miss the komodo dragon. The komodo dragon closely misses you.
You slash the komodo dragon!
Your inugami barely misses the komodo dragon.
The komodo dragon bites you.
You hit the komodo dragon but do no damage.
Your inugami barely misses the komodo dragon.
The komodo dragon bites you but does no damage.
You hit the komodo dragon but do no damage.
Your bite misses the komodo dragon. Your inugami hits the komodo dragon.
The komodo dragon barely misses your inugami.
Your inugami hits the komodo dragon!
The komodo dragon closely misses your inugami.
You hit the komodo dragon but do no damage.
Your inugami hits the komodo dragon.
The komodo dragon dies!
Kikubaaqudgha accepts your kill.
Your lightning spire disappears in a puff of smoke!
You swap places.
You see here a komodo dragon corpse.
You swap places.
Key pressed, stopping explore.
Your inugami disappears in a puff of smoke!
Key pressed, stopping explore.
d - 3 scrolls of enchant armour (gained 1) Key pressed, stopping explore.
A four-headed hydra comes into view.
The four-headed hydra roars!
Casting: Call Canine Familiar (safe; 1% risk of failure)
Confirm with . or Enter, or press ? or * to list all spells.
An electric hum fills the air.
Casting: Summon Lightning Spire (mildly dangerous; 1% risk of failure)
Confirm with . or Enter, or press ? or * to list all spells.
You call for your canine familiar and it appears with a howl!
A black mamba comes into view.
Your lightning spire shoots out a bolt of lightning at the four-headed hydra!
The bolt of electricity hits the four-headed hydra!
Your inugami hits the four-headed hydra.
Your inugami hits the four-headed hydra!
Your lightning spire shoots out a bolt of lightning at the four-headed hydra!
The bolt of electricity hits the four-headed hydra!
The black mamba bites you!
Your inugami hits the four-headed hydra!
You chop one of the four-headed hydra's heads off!
The three-headed hydra grows two more!
You slash the five-headed hydra! The black mamba bites you.
You are poisoned.
The black mamba poisons you! The five-headed hydra bites you.
The five-headed hydra bites you!
The five-headed hydra barely misses you.
The five-headed hydra bites you. The five-headed hydra bites you!
* * * LOW HITPOINT WARNING * * *
Your inugami hits the five-headed hydra.
The black mamba bites you!
* * * LOW HITPOINT WARNING * * *
The five-headed hydra closely misses your inugami.
The five-headed hydra bites your inugami! x2
The five-headed hydra closely misses your inugami.
The five-headed hydra bites your inugami.
Your inugami dies!
Your inugami disappears in a puff of smoke!
You are too injured to fight recklessly!
You are too injured to fight recklessly!
You are too injured to fight recklessly!
Unknown command.
You feel very sick.
Your lightning spire shoots out a bolt of lightning at the five-headed hydra!
The bolt of electricity hits the five-headed hydra!
The five-headed hydra bites your lightning spire! x2
The five-headed hydra bites your lightning spire but does no damage.
The five-headed hydra bites your lightning spire.
The five-headed hydra bites your lightning spire but does no damage.
The black mamba bites you!
* * * LOW HITPOINT WARNING * * *
You are lethally poisoned!
The black mamba poisons you!
Read: scroll of fear
Press: ? - help, Q - select action, (/) - cycle Dir - look around, f - activate Look: a black mamba (chance to affect: 97%)
As you read the scroll of fear, it crumbles to dust.
You assume a fearsome visage.
The black mamba easily resists.
The five-headed hydra looks frightened!
* * * LOW HITPOINT WARNING * * *
You feel extremely sick. The black mamba bites you!
* * * LOW HITPOINT WARNING * * *
Your lightning spire shoots out a bolt of lightning at the five-headed hydra!
The bolt of electricity hits the five-headed hydra!
The five-headed hydra dies!
Kikubaaqudgha accepts your kill.
Your Necromancy skill increases to level 6!
It was a potion of curing.
You feel better. The black mamba bites you.
* * * LOW HITPOINT WARNING * * *
The black mamba bites you!
You die...
Kikubaaqudgha rasps: You have failed me!
Welcome... death!

Skill      XL: |  1  2  3  4  5  6  7  8  9 10 11 12 13 |
---------------+----------------------------------------+-----
Spellcasting   | 3 4 5 7 8 9 10 11 | 11.5
Summonings     | 5 6 7 8 9 10 11 | 11.0
Air Magic      | 2 4 5 |  5.0
Fighting       | 2 4 6 7 8 |  8.3
Stealth        | 5 8 10 | 10.0
Dodging        | 3 5 7 9 10 | 10.0
Translocations | 3 5 |  5.0
Necromancy     | 4 6 |  6.0
Earth Magic    | 3 6 |  6.0

Action                     |  1- 3 |  4- 6 |  7- 9 | 10-12 | 13-15 || total
---------------------------+-------+-------+-------+-------+-------++-------
  Melee: Unarmed           |    60 |       |       |       |       ||    60
         Bite              |     6 |     4 |     9 |    37 |     8 ||    64
         Dagger            |    15 |    51 |    69 |       |     3 ||   138
         Trident           |       |       |    16 |   287 |    76 ||   379
         Scythe            |       |       |       |       |    31 ||    31
   Cast: Summon Small Mamm |    38 |     3 |     4 |    22 |     2 ||    69
         Call Canine Famil |     6 |    11 |    22 |    62 |    23 ||   124
         Summon Lightning  |       |     5 |    34 |   100 |    41 ||   180
  Evoke: Wand              |       |       |     2 |     2 |       ||     4
    Use: Potion            |       |       |     2 |     2 |     1 ||     5
         Scroll            |       |       |     1 |    21 |     5 ||    27
   Stab: Sleeping          |     2 |     2 |     1 |     1 |       ||     6
         Invisible         |       |       |     1 |       |       ||     1
         Distracted        |       |       |     4 |    16 |     3 ||    23
 Armour: Robe              |    45 |    52 |    71 |       |       ||   168
         Steam dragon scal |       |       |     7 |   106 |       ||   113
         Troll leather arm |       |       |       |   186 |    90 ||   276
  Dodge: Dodged            |    71 |    39 |    74 |   299 |    87 ||   570
  Block: Buckler           |       |       |       |    48 |       ||    48

Levels and vault maps discovered:
D:1:      minmay_arrival_four_loops, layout_basic, serial_shops,
          nicolae_shop_statue_plus
D:2:      layout_basic, uniq_sigmund
D:3:      layout_loops_ring, hellmonk_ecumenical_altar_blasted, uniq_natasha,
          uniq_ijyb
D:4:      layout_basic, ebering_ghost_disaster_area, lightli_corner_chamber,
          uniq_eustachio, uniq_menkaure
D:5:      layout_basic, serial_shops, nicolae_shop_back_alley_shop
D:6:      layout_rooms, nicolae_ru_sacrificial_ziggurat, uniq_edmund,
          uniq_duvessa
D:7:      layout_rooms, temple_hall, minmay_misc_feat_diagonals
D:8:      layout_basic, uniq_pikel
D:9:      layout_basic, nicolae_overflow_two_pavilions, zombieorc2_lemuel,
          uniq_jeremiah
D:10:     layout_grid_maze, minmay_microvault
D:11:     layout_roguey, david_lair_generic, lemuel_flame_loot_1,
          uniq_josephine, uniq_snorg, uniq_fannar, uniq_erolcha
Temple:   compressed_dpeg_triangle_lava_temple
Lair:1:   layout_hall_layers, serial_bayou_shore_b, grunt_megastairs_2
Lair:2:   layout_chaotic_city, nicolae_spider_entry_tight_spaces, serial_rivers,
          chequers_serial_rivers_room_a, chequers_serial_rivers_micro_e,
          chequers_serial_rivers_marsh, chequers_serial_rivers_large_a,
          chequers_serial_rivers_micro_b, chequers_serial_rivers_small_b,
          chequers_serial_rivers_small_3, lemuel_oklob_altar, uniq_maggie
Lair:3:   layout_roguey, swamp_mist, basic_altar, uniq_nergalle
Lair:4:   layout_regular_city, minmay_slime_entry_eyes,
          grunt_forest_large_clearings, serial_bayou_shore_a

Notes
Turn   | Place    | Note
-------+----------+-------------------------------------------
     0 | D:1      | RoilingVortex the Vampire Summoner began the quest for the
                  | Orb.
     0 | D:1      | Reached XP level 1. HP: 13/13 MP: 3/3
    88 | D:1      | Found Muheham's Weapon Boutique.
   178 | D:1      | Reached XP level 2. HP: 19/19 MP: 1/5
   554 | D:1      | Gained mutation: You are afflicted with vampirism and can
                  | become a bat while bloodless. [Vampire growth]
   554 | D:1      | Reached XP level 3. HP: 24/24 MP: 4/7
  1273 | D:1      | Learned a level 3 spell: Call Canine Familiar
  1565 | D:2      | Reached skill level 3 in Spellcasting
  1823 | D:2      | Noticed Sigmund
  1830 | D:2      | Reached XP level 4. HP: 26/30 MP: 2/8
  1850 | D:2      | Killed Sigmund
  1851 | D:2      | Reached skill level 4 in Spellcasting
  1851 | D:2      | Reached skill level 5 in Summonings
  1851 | D:2      | Reached XP level 5. HP: 29/35 MP: 1/11
  2283 | D:2      | Learned a level 4 spell: Summon Lightning Spire
  2353 | D:3      | Reached XP level 6. HP: 19/41 MP: 9/12
  2617 | D:3      | Found a faded altar of an unknown god.
  2619 | D:3      | Noticed Natasha
  2637 | D:3      | Killed Natasha
  2638 | D:3      | Reached skill level 1 in Air Magic
  2808 | D:3      | Noticed Ijyb
  2816 | D:3      | Killed Ijyb
  2817 | D:3      | Reached skill level 6 in Summonings
  2950 | D:3      | Noticed Natasha
  2957 | D:3      | Killed Natasha
  3133 | D:3      | Noticed Natasha
  3140 | D:3      | Killed Natasha
  3459 | D:4      | Noticed Eustachio
  3472 | D:4      | Killed Eustachio
  3473 | D:4      | Reached skill level 2 in Air Magic
  3473 | D:4      | Reached XP level 7. HP: 22/46 MP: 7/14
  3477 | D:4      | Reached skill level 5 in Spellcasting
  3585 | D:4      | Found a large runed translucent door.
  3587 | D:4      | Found a large runed translucent door.
  3593 | D:4      | Noticed Dirtsage's ghost (novice OpSh)
  3656 | D:4      | Reached skill level 3 in Air Magic
  3676 | D:4      | Noticed Menkaure
  3684 | D:4      | Killed Menkaure
  3871 | D:4      | You pick up a book of the Senses and begin reading...
  3871 | D:4      | You add the spells Dazzling Flash, Mephitic Cloud, Curse of
                  | Agony and Silence to your library.
  4106 | D:4      | Reached skill level 7 in Summonings
  4272 | D:5      | Entered Level 5 of the Dungeon
  4285 | D:5      | HP: 10/46 [water moccasin (6)]
  4290 | D:5      | Reached skill level 4 in Air Magic
  4290 | D:5      | Reached XP level 8. HP: 37/52 MP: 13/16
  4655 | D:5      | Reached skill level 6 in Spellcasting
  4767 | D:5      | Found Difiduadio's Antique Weapon Emporium.
  5194 | D:6      | Reached skill level 5 in Air Magic
  5197 | D:6      | Reached skill level 8 in Summonings
  5301 | D:6      | Noticed Dowan
  5303 | D:6      | Noticed Duvessa
  5311 | D:6      | Killed Duvessa
  5312 | D:6      | Reached skill level 7 in Spellcasting
  5315 | D:6      | Killed Dowan
  5331 | D:6      | Reached XP level 9. HP: 24/57 MP: 7/19
  5428 | D:6      | Noticed Edmund
  5436 | D:6      | Killed Edmund
  5570 | D:6      | Found a sacrificial altar of Ru.
  5601 | D:6      | You pick up a book of Minor Magic and begin reading...
  5601 | D:6      | You add the spells Magic Dart and Blink to your library.
  5753 | D:7      | Reached skill level 9 in Summonings
  6115 | D:7      | Reached skill level 8 in Spellcasting
  6166 | D:7      | Found a staircase to the Ecumenical Temple.
  6385 | Temple   | Entered the Ecumenical Temple
  6392 | Temple   | Became a worshipper of Kikubaaqudgha
  6582 | D:8      | Reached skill level 1 in Fighting
  6741 | D:8      | Reached skill level 4 in Stealth
  6809 | D:8      | Noticed Pikel
  6815 | D:8      | Killed Pikel
  6816 | D:8      | Reached skill level 3 in Dodging
  6820 | D:8      | Reached skill level 2 in Fighting
  6932 | D:8      | Reached skill level 5 in Stealth
  7248 | D:8      | You pick up a book of Battle and begin reading...
  7248 | D:8      | You add the spells Fugue of the Fallen, Ozocubu's Armour
                  | and Manifold Assault to your library.
  7392 | D:8      | Reached XP level 10. HP: 67/67 MP: 9/22
  7411 | D:8      | HP: 16/68 [yak (12)]
  7533 | D:8      | Reached skill level 4 in Dodging
  7593 | D:8      | Identified a scroll of acquirement
  7608 | D:9      | Noticed Jeremiah
  7623 | D:9      | Killed Jeremiah
  7624 | D:9      | Reached skill level 6 in Stealth
  7624 | D:9      | Reached skill level 10 in Summonings
  7625 | D:9      | Reached skill level 3 in Fighting
  7738 | D:8      | Reached * piety under Kikubaaqudgha
  7738 | D:8      | You add the spells Necrotise, Cigotuvi's Dreadful Rot and
                  | Vampiric Draining to your library.
  7738 | D:8      | Received a gift from Kikubaaqudgha
  7778 | D:9      | Reached skill level 7 in Stealth
  7846 | D:9      | Reached skill level 5 in Dodging
  7856 | D:9      | Reached skill level 9 in Spellcasting
  7856 | D:9      | Reached ** piety under Kikubaaqudgha
  8064 | D:9      | Found a staircase to the Orcish Mines.
  8424 | D:9      | Found a shadowy altar of Dithmenos.
  8424 | D:9      | Found an opulent altar of Gozag.
  8632 | D:9      | Reached skill level 4 in Fighting
  8677 | D:9      | Noticed a cyclops
  8691 | D:9      | Killed a cyclops
  8692 | D:9      | Reached skill level 8 in Stealth
  9159 | D:10     | Entered Level 10 of the Dungeon
  9177 | D:10     | Noticed a cyclops
  9232 | D:10     | Killed a cyclops
  9233 | D:10     | Reached XP level 11. HP: 77/77 MP: 17/24
  9411 | D:10     | Reached *** piety under Kikubaaqudgha
  9411 | D:10     | You add the spells Dispel Undead, Borgnjor's Vile Clutch
                  | and Death Channel to your library.
  9411 | D:10     | Received a gift from Kikubaaqudgha
  9412 | D:10     | Reached skill level 6 in Dodging
  9690 | D:10     | Noticed a two-headed ogre
  9698 | D:10     | Killed a two-headed ogre
  9699 | D:10     | Reached skill level 9 in Stealth
  9878 | D:10     | HP: 19/78 [vampire (8)]
 10320 | D:10     | Learned a level 2 spell: Blink
 10326 | D:10     | Learned a level 5 spell: Borgnjor's Vile Clutch
 10333 | D:10     | Learned a level 6 spell: Death Channel
 10473 | D:11     | Noticed Fannar
 10489 | D:11     | Killed Fannar
 10490 | D:11     | Reached skill level 5 in Fighting
 10589 | D:11     | Reached skill level 11 in Summonings
 10685 | D:11     | Found a staircase to the Lair.
 10686 | D:11     | Noticed Snorg
 10693 | D:11     | Reached skill level 1 in Translocations
 10712 | D:11     | HP: 19/79 [Snorg (5)]
 11131 | D:10     | Killed Snorg
 11301 | D:11     | Reached skill level 7 in Dodging
 11347 | D:11     | Noticed Erolcha
 11357 | D:11     | Killed Erolcha
 11358 | D:11     | Reached skill level 10 in Stealth
 11358 | D:11     | Reached skill level 2 in Translocations
 11411 | D:11     | Noticed a two-headed ogre
 11421 | D:11     | Killed a two-headed ogre
 11422 | D:11     | Reached skill level 10 in Spellcasting
 11487 | D:11     | Noticed Josephine
 11496 | D:11     | Killed Josephine
 11551 | D:11     | Identified the +1 dagger of World's End {drain, Int+4}
 11576 | D:11     | Reached skill level 6 in Fighting
 11728 | D:11     | Noticed a deep elf pyromancer
 11737 | D:11     | Killed a deep elf pyromancer
 11738 | D:11     | Reached skill level 3 in Translocations
 11738 | D:11     | Reached XP level 12. HP: 78/88 MP: 19/26
 11862 | D:11     | Noticed a two-headed ogre
 11877 | D:11     | Killed a two-headed ogre
 11878 | D:11     | Reached skill level 8 in Dodging
 12351 | Lair:1   | Entered Level 1 of the Lair of Beasts
 12401 | Lair:1   | Reached skill level 1 in Necromancy
 12643 | Lair:1   | Reached skill level 2 in Necromancy
 12834 | D:11     | Reached skill level 4 in Translocations
 12901 | D:11     | Reached **** piety under Kikubaaqudgha
 12931 | D:11     | HP: 16/89 [wolf (9)]
 13022 | Lair:1   | Noticed a death yak
 13155 | D:11     | Killed a death yak
 13156 | D:11     | Reached skill level 1 in Earth Magic
 13157 | D:11     | Reached skill level 7 in Fighting
 13157 | D:11     | Reached skill level 3 in Necromancy
 13329 | D:11     | Reached skill level 2 in Earth Magic
 13362 | D:11     | Reached skill level 9 in Dodging
 13942 | Lair:2   | Found an ornate altar of the Wu Jian Council.
 13953 | Lair:1   | HP: 20/91 [blink frog (7)]
 14412 | Lair:2   | Reached skill level 5 in Translocations
 14419 | Lair:2   | Reached skill level 3 in Earth Magic
 14835 | Lair:1   | Reached skill level 4 in Necromancy
 14835 | Lair:1   | Reached XP level 13. HP: 52/96 MP: 19/27
 15348 | Lair:2   | Noticed Maggie
 15361 | Lair:2   | Killed Maggie
 15362 | Lair:2   | Reached skill level 11 in Spellcasting
 15494 | Lair:2   | Reached skill level 4 in Earth Magic
 15555 | Lair:2   | HP: 18/96 [jumping spider (10)]
 15752 | Lair:2   | Found a hole to the Spider Nest.
 16097 | Lair:2   | HP: 23/96 [poisoned by a redback]
 16101 | Lair:2   | HP: 10/96 [poisoned by a redback]
 16106 | Lair:2   | HP: 9/96 [poisoned by a redback]
 16294 | Lair:3   | HP: 22/96 [black mamba (9)]
 16297 | Lair:3   | HP: 8/96 [poisoned by a black mamba]
 16300 | Lair:3   | HP: 2/96 [poisoned by a black mamba]
 16305 | Lair:3   | HP: 3/96 [poisoned by a black mamba]
 16510 | Lair:3   | Reached skill level 5 in Earth Magic
 16546 | Lair:3   | You pick up a book of Spatial Translocations and begin
                  | reading...
 16546 | Lair:3   | You add the spells Momentum Strike and Lesser Beckoning to
                  | your library.
 16636 | Lair:3   | Found an ancient bone altar of Kikubaaqudgha.
 16649 | Lair:3   | Identified the +0 robe of the Sixty-Six Stars {rElec Dex+2}
 16675 | Lair:3   | Found a staircase to the Swamp.
 16682 | Lair:3   | You pick up a book of Dreams and begin reading...
 16682 | Lair:3   | You add the spells Ensorcelled Hibernation and Anguish to
                  | your library.
 16699 | Lair:3   | Reached ***** piety under Kikubaaqudgha
 16701 | Lair:3   | Noticed Nergalle
 16874 | Lair:3   | HP: 11/78 [spectral orc knight/+0 halberd[Nergalle] (20)]
 16874 | Lair:3   | HP: 4/74 [spectral orc knight/+0 halberd[Nergalle] (7)]
 16876 | Lair:3   | Killed Nergalle
 17077 | Lair:3   | Reached skill level 5 in Necromancy
 17266 | Lair:3   | Learned a level 4 spell: Anguish
 17267 | Lair:4   | Found the +5 scythe "Finisher" {speed, execute}
 17526 | Lair:4   | Found a staircase to the Slime Pits.
 17529 | Lair:4   | Reached skill level 10 in Dodging
 17647 | Lair:4   | Reached skill level 8 in Fighting
 17647 | Lair:4   | Reached skill level 6 in Earth Magic
 17869 | Lair:4   | HP: 17/98 [black mamba (12)]
 17870 | Lair:4   | HP: 1/98 [black mamba (8)]
 17871 | Lair:4   | Reached skill level 6 in Necromancy
 17871 | Lair:4   | Mangled by a black mamba

Vanquished Creatures
  A hydra (Lair:3)
  2 two-headed ogres
  A death yak (Lair:4)
  A cyclops (D:9)
  A black mamba (Lair:4)
  4 cane toads
  Maggie (Lair:2)
  A rime drake (Lair:4)
  3 komodo dragons
  A troll (D:11)
  3 blink frogs
  A culicivora (Lair:2)
  4 jumping spiders (Lair:2)
  A shadow (D:10)
  A vampire (D:10)
  17 yaks
  A basilisk (D:11)
  2 redbacks (Lair:2)
  Menkaure (D:4)
  Edmund (D:6)
  2 water moccasins
  A black bear (D:11)
  An ogre (D:4)
  3 wolves (D:11)
  2 centaurs
  4 bullfrogs
  A gnoll sergeant (D:9)
  Dowan (D:6)
  A troll zombie (D:9)
  An orc wizard (D:3)
  Natasha (twice) (D:3)
  2 adders
  5 gnolls (D:9)
  An ufetubus (D:6)
  A dart slug (D:1)
  4 orcs
  4 bats
  2 endoplasms
  A giant cockroach (D:3)
  3 hobgoblins
  2 jackals
  A quokka (D:5)
  2 ball pythons (D:2)
  2 frilled lizards
  6 kobolds
  An orc zombie (D:9)
  2 rats
106 creatures vanquished.

Vanquished Creatures (collateral kills)
  Snorg (D:10)
  Josephine (D:11)
  Erolcha (D:11)
  A hydra (Lair:4)
  Fannar (D:11)
  3 death yaks
  A two-headed ogre (D:11)
  Nergalle (Lair:3)
  Pikel (D:8)
  An oklob plant (Lair:2)
  2 manticores (D:11)
  A deep elf pyromancer (D:11)
  A cyclops (D:10)
  A black mamba (Lair:3)
  An elephant (D:10)
  2 torpor snails
  An eye of devastation (Lair:4)
  4 komodo dragons
  A rime drake (Lair:1)
  Jeremiah (D:9)
  5 cane toads
  A troll (D:9)
  A glass eye (Lair:4)
  2 polar bears
  11 blink frogs
  A jumping spider (Lair:2)
  Sigmund (D:2)
  4 wraiths (D:11)
  31 yaks
  Eustachio (D:4)
  2 steam dragons
  A redback (Lair:2)
  2 basilisks
  A two-headed ogre zombie (D:9)
  An acid dragon (D:9)
  12 water moccasins
  Duvessa (D:6)
  An ice beast (D:6)
  An orc warrior (D:6)
  2 black bears
  An ogre (D:6)
  6 wolves
  A centaur (D:11)
  2 lemures (D:8)
  2 phantoms (D:9)
  4 kobold brigands
  9 bullfrogs
  3 gnoll sergeants
  6 wights
  A troll zombie (D:9)
  4 killer bees (D:8)
  A bombardier beetle (D:4)
  2 hounds
  2 orc priests (D:9)
  A jelly (D:8)
  A gnoll bouda (D:8)
  3 iguanas
  Ijyb (D:3)
  Natasha (D:3)
  5 ogre zombies (D:9)
  13 gnolls
  An ufetubus (D:6)
  A ribbon worm (D:5)
  3 dart slugs
  10 orcs
  2 bats (D:1)
  2 endoplasms (D:2)
  5 goblins
  4 hobgoblins
  6 jackals
  3 quokkas
  2 ball pythons
  A frilled lizard (D:3)
  3 gnoll skeletons (D:9)
  4 gnoll zombies (D:9)
  22 kobolds
  2 orc skeletons (D:9)
  15 orc zombies (D:9)
  A rat (D:2)
265 creatures vanquished.

Grand Total: 371 creatures vanquished

Table legend:
 A = Non-vault XP
 B = Vault XP
 C = Vault XP percentage of total XP
 D = Non-vault monster count
 E = Vault monster count
 F = Vault count percentage of total count
                 A         B        C        D         E       F
            +---------+---------+-------+---------+---------+-------
      Total |   40591 |   14604 |  26.5 |     287 |      82 |  22.2
            +---------+---------+-------+---------+---------+-------
        D:1 |      64 |       0 |   0.0 |      21 |       0 |   0.0
        D:2 |      40 |     227 |  85.0 |      11 |       1 |   8.3
        D:3 |     160 |      73 |  31.3 |      19 |       2 |   9.5
        D:4 |     249 |     543 |  68.6 |      11 |       6 |  35.3
        D:5 |     384 |       0 |   0.0 |      10 |       0 |   0.0
        D:6 |    1255 |     378 |  23.1 |      26 |       3 |  10.3
        D:7 |     598 |       0 |   0.0 |       8 |       0 |   0.0
        D:8 |    1956 |     608 |  23.7 |      24 |       1 |   4.0
        D:9 |    2911 |    1120 |  27.8 |      41 |      37 |  47.4
       D:10 |    3086 |    1905 |  38.2 |      12 |       3 |  20.0
       D:11 |    9834 |    3990 |  28.9 |      38 |      10 |  20.8
     Lair:1 |    4496 |     897 |  16.6 |      18 |       4 |  18.2
     Lair:2 |    4658 |    2940 |  38.7 |      18 |      11 |  37.9
     Lair:3 |    5116 |     782 |  13.3 |      15 |       1 |   6.2
     Lair:4 |    5784 |    1141 |  16.5 |      15 |       3 |  16.7
            +---------+---------+-------+---------+---------+-------

Skill      XL: |  1  2  3  4  5  6  7  8  9 10 11 12 13 |
---------------+----------------------------------------+-----
Spellcasting   | 3 4 5 7 8 9 10 11 | 11.5
Summonings     | 5 6 7 8 9 10 11 | 11.0
Air Magic      | 2 4 5 |  5.0
Fighting       | 2 4 6 7 8 |  8.3
Stealth        | 5 8 10 | 10.0
Dodging        | 3 5 7 9 10 | 10.0
Translocations | 3 5 |  5.0
Necromancy     | 4 6 |  6.0
Earth Magic    | 3 6 |  6.0

Action                     |  1- 3 |  4- 6 |  7- 9 | 10-12 | 13-15 || total
---------------------------+-------+-------+-------+-------+-------++-------
  Melee: Unarmed           |    60 |       |       |       |       ||    60
         Bite              |     6 |     4 |     9 |    37 |     8 ||    64
         Dagger            |    15 |    51 |    69 |       |     3 ||   138
         Trident           |       |       |    16 |   287 |    76 ||   379
         Scythe            |       |       |       |       |    31 ||    31
   Cast: Summon Small Mamm |    38 |     3 |     4 |    22 |     2 ||    69
         Call Canine Famil |     6 |    11 |    22 |    62 |    23 ||   124
         Summon Lightning  |       |     5 |    34 |   100 |    41 ||   180
  Evoke: Wand              |       |       |     2 |     2 |       ||     4
    Use: Potion            |       |       |     2 |     2 |     1 ||     5
         Scroll            |       |       |     1 |    21 |     5 ||    27
   Stab: Sleeping          |     2 |     2 |     1 |     1 |       ||     6
         Invisible         |       |       |     1 |       |       ||     1
         Distracted        |       |       |     4 |    16 |     3 ||    23
 Armour: Robe              |    45 |    52 |    71 |       |       ||   168
         Steam dragon scal |       |       |     7 |   106 |       ||   113
         Troll leather arm |       |       |       |   186 |    90 ||   276
  Dodge: Dodged            |    71 |    39 |    74 |   299 |    87 ||   570
  Block: Buckler           |       |       |       |    48 |       ||    48

Illustrated notes

Table legend:
 A = Kills in this place as a percentage of kills in the entire game.
 B = Kills by you in this place as a percentage of kills by you in the entire game.
 C = Kills by friends in this place as a percentage of kills by friends in the entire game.
 D = Other kills in this place as a percentage of other kills in the entire game.
 E = Experience gained in this place as a percentage of experience gained in the entire game.
 F = Experience gained in this place divided by the number of levels of this place that you have seen.
                   A       B       C       D       E      F
               +-------+-------+-------+-------+-------+----------------------
         Total | 100.0 | 100.0 | 100.0 |   N/A | 100.0 | 3449.7
       Dungeon |  77.0 |  72.6 |  78.7 |   N/A |  53.2 | 2671.0
          Lair |  23.0 |  27.4 |  21.3 |   N/A |  46.8 | 6453.5
               +-------+-------+-------+-------+-------+----------------------

Table legend: (Time is in decaauts)
 A = Elapsed time spent in this place.
 B = Non-inter-level travel time spent in this place.
 C = Inter-level travel time spent in this place.
 D = Time resting spent in this place.
 E = Time spent auto-exploring this place.
 F = Levels seen in this place.
 G = Mean time per level.
                   A        B        C        D        E       F      G
               +--------+--------+--------+--------+--------+-----+--------+
         Total |  18068 |  17057 |   1011 |   1950 |  12121 |  16 | 1129.2 |
       Dungeon |  13052 |  12265 |    787 |   1230 |   8950 |  11 | 1186.5 |
        Temple |     12 |      1 |     11 |      0 |      0 |   1 |   12.0 |
          Lair |   5003 |   4791 |    212 |    720 |   3171 |   4 | 1250.8 |
               +--------+--------+--------+--------+--------+-----+--------+

Top non-repeatable levels by time:
    D:11: 2097 daAuts
  Lair:2: 1829 daAuts
    D:10: 1765 daAuts
     D:9: 1476 daAuts
  Lair:1: 1462 daAuts
     D:1: 1347 daAuts
     D:8: 1293 daAuts
  Lair:3: 1097 daAuts
     D:4: 1054 daAuts
     D:2: 952 daAuts
     D:3: 915 daAuts
     D:5: 749 daAuts
     D:6: 726 daAuts
     D:7: 673 daAuts
  Lair:4: 615 daAuts
